 Dungeon Crawl Stone Soup version 0.31-a0-321-g19405a7a6a (webtiles) character file.

Game seed: 3736750538232043668

1092 LeprechaunX the Ruffian (level 8, -10/54 HPs)
             Began as an Octopode Shapeshifter on July 18, 2023.
             Killed from afar by an electric eel (13 damage)
             ... with a bolt of electricity
             ... on level 6 of the Dungeon.
             The game lasted 00:06:51 (4476 turns).

LeprechaunX the Ruffian (Octopode Shapeshifter)     Turns: 4476, Time: 00:06:52

Health: -10/54     AC:  1    Str: 16    XL:     8   Next: 31%
Magic:  8/8        EV: 15    Int: 10    God:
Gold:   312        SH:  5    Dex: 19    Spells: 7/7 levels left

rFire   + . .        a - +0 orcbow
rCold   . . .        (shield currently unavailable)
rNeg    . . .        (helmet currently unavailable)
rPois   .            r - amulet of reflection
rElec   .            h - +6 ring of dexterity
rCorr   .            y - ring of protection from fire
SInv    .            (no ring)
Will    .....        (no ring)
Stlth   +++          (no ring)
HPRegen 0.29/turn    (no ring)
MPRegen 0.11/turn    (no ring)
                     (no ring)

%: reflection
@: beast-form
A: beast (slay +3), almost no armour, amphibious, 8 rings, camouflage 1,
gelatinous body 1, (nimble swimmer 1), tentacles
a: Begin Untransformation


You were on level 6 of the Dungeon.
You were a hulking beast.
You visited 1 branch of the dungeon, and saw 6 of its levels.

You collected 312 gold pieces.

Inventory:

Hand Weapons
 a - a +0 orcbow (weapon)
Armour
 o - a +0 buckler of protection
Jewellery
 h - a +6 ring of dexterity (left tentacle)
 m - an amulet of magic regeneration
 r - an amulet of reflection (around mantle)
 w - an amulet of faith
 y - a ring of protection from fire (right tentacle)
Talismans
 b - a beast talisman
 t - a maw talisman
Scrolls
 d - 2 scrolls of teleportation {unknown}
 e - 5 scrolls of identify {unknown}
 f - 2 scrolls of revelation {unknown}
 k - 3 scrolls of enchant weapon {unknown}
 n - 2 scrolls of noise {unknown}
 s - 2 scrolls of poison {unknown}
 u - a scroll of summoning {unknown}
 v - a scroll of fear {unknown}
 z - a scroll of enchant armour {unknown}
 C - a scroll of vulnerability {unknown}
Potions
 c - a potion of brilliance {unknown}
 g - a potion of curing {unknown}
 i - 3 potions of mutation {unknown}
 j - a potion of invisibility {unknown}
 l - 2 potions of heal wounds {unknown}
 p - 4 potions of degeneration {unknown}
 q - a potion of experience {unknown}
 x - a potion of enlightenment {unknown}
 A - a potion of ambrosia {unknown}
 B - 3 potions of lignification
 D - a potion of resistance {unknown}
 E - a potion of haste {unknown}


   Skills:
 + Level 4.3 Fighting
 + Level 4.2 Dodging
 * Level 5.8 Unarmed Combat
 * Level 5.5 Shapeshifting


You had 7 spell levels left.
You didn't know any spells.
Your spell library contained the following spells:

 Spells                   Type           Power      Damage    Failure   Level
 Sublimation of Blood     Necr           0%         N/A       50%         2
 Wereblood                Tmut           0%         N/A       50%         2
 Stone Arrow              Conj/Erth      0%         3d7       75%         3
 Summon Hydra             Summ           0%         N/A       100%        7
 Lehudib's Crystal Spear  Conj/Erth      0%         10d2      100%        8
 Animate Armour           Summ/Erth      Unusable   N/A       N/A         4

Dungeon Overview and Level Annotations

Branches:
Dungeon (6/15)
 Temple: D:4-7

Altars:
Ashenzari
Hepliaklqana
Kikubaaqudgha
Nemelex Xobeh
Uskayaw
Zin

Annotations:
D:3 3 runed translucent doors, Crazy Yiuf; lunkers's ghost, amateur MeSh
D:4 3 runed translucent doors, innerfire43's ghost, amateur DsMo


Innate Abilities, Weirdness & Mutations

You are a hulking beast.
Your limbs bulge with bestial killing power. (Slay +3)
You cannot wear most types of armour.
You are amphibious.
You can wear up to eight rings at the same time.
Your skin changes colour to match your surroundings (Stealth+).
Your rubbery body absorbs attacks. (AC +1, EV +1)
((You are camouflaged when in or above water. (Stealth+)))
You have tentacles for arms and can constrict up to eight enemies at once.


Message History

D - a pink potion You now have 297 gold pieces (gained 16).
You now have 312 gold pieces (gained 15).
l - 2 clear potions (gained 1)
E - a bubbling brown potion You enter the shallow water.
An electric eel comes into view.
No reachable target in view!
You start removing your armour.
You continue taking off your +0 buckler of protection. x4
You finish taking off your +0 buckler of protection.
You feel less protected.
a - a +0 orcbow (weapon)
Your line of fire to the electric eel is blocked by a plant.
Your line of fire to the electric eel is blocked by a plant.
You shoot an arrow. The arrow hits the plant!
The plant begins to die.
The plant is lightly damaged.
The electric eel shoots out a bolt of lightning at you!
The bolt of electricity hits the plant!
The bolt of electricity hits you!
You shoot an arrow. The arrow hits the plant!
The plant is lightly damaged.
An electric eel comes into view.
You shoot an arrow. The arrow hits the electric eel!
The electric eel is almost dead.
The electric eel shoots out a bolt of lightning at you!
The bolt of electricity hits you!
You shoot an arrow.
The arrow closely misses the electric eel.
You shoot an arrow. The arrow misses the electric eel.
The electric eel shoots out a bolt of lightning at you!
The bolt of electricity hits you! The bolt of electricity misses you.
You are too injured to fight recklessly!
The electric eel shoots out a bolt of lightning at you!
The bolt of electricity hits you!
* * * LOW HITPOINT WARNING * * *
The bolt of electricity hits you!
* * * LOW HITPOINT WARNING * * *
The electric eel shoots out a bolt of lightning at you!
The bolt of electricity hits you!
You die...

### #.# #.# ##
##h##♣~♣♣♣♣
##..#P~S~~P~ ###
##...#S~~PP~~
....###.....♣~~~≈≈≈
...........♣~~P~P≈≈≈
^.........♣SP~~~~P~~
....##...~~~~.~~PP~
......#
#....~.......~
......
#.............


You could see an electric eel.

Vanquished Creatures
  An ice beast (D:5)
  An ogre (D:5)
  A phantom (D:6)
  A centaur (D:6)
  A bullfrog (D:3)
  3 scorpions
  A howler monkey (D:6)
  2 hounds (D:5)
  A sleepcap (D:4)
  2 iguanas
  An orc wizard (D:5)
  12 gnolls
  8 adders
  A shadow imp (D:6)
  A white imp (D:5)
  2 worms
  3 dart slugs
  17 orcs
  6 ball pythons
  5 endoplasms
  7 giant cockroaches
  2 goblins (D:1)
  9 hobgoblins
  7 jackals (D:3)
  5 quokkas
  7 bats
  4 frilled lizards
  4 kobolds
  9 rats
124 creatures vanquished.

Notes
Turn   | Place    | Note
-------+----------+-------------------------------------------
     0 | D:1      | LeprechaunX the Octopode Shapeshifter began the quest for
                  | the Orb.
     0 | D:1      | Reached XP level 1. HP: 14/14 MP: 1/1
    86 | D:1      | Reached XP level 2. HP: 10/19 MP: 2/2
   335 | D:1      | Reached XP level 3. HP: 13/24 MP: 3/3
   400 | D:1      | Found a faded altar of an unknown god.
  1465 | D:3      | Found a sparkling altar of Nemelex Xobeh.
  1507 | D:3      | Reached XP level 4. HP: 28/30 MP: 4/4
  1724 | D:3      | Noticed a scorpion
  1732 | D:3      | Killed a scorpion
  1733 | D:3      | Reached XP level 5. HP: 27/36 MP: 5/5
  1992 | D:3      | Reached XP level 6. HP: 42/42 MP: 6/6
  2097 | D:3      | Found a runed translucent door.
  2098 | D:3      | Noticed Crazy Yiuf
  2204 | D:3      | Found a large runed translucent door.
  2204 | D:3      | Found a large runed translucent door.
  2208 | D:3      | Noticed lunkers's ghost (amateur MeSh)
  2590 | D:4      | Found a runed translucent gate.
  2590 | D:4      | Found a runed translucent gate.
  2590 | D:4      | Found a runed translucent gate.
  2609 | D:4      | Found a hide-covered altar of Uskayaw.
  2934 | D:4      | Found a hazy altar of Hepliaklqana.
  3301 | D:4      | Noticed innerfire43's ghost (amateur DsMo)
  3315 | D:5      | Entered Level 5 of the Dungeon
  3332 | D:5      | Reached XP level 7. HP: 45/46 MP: 7/7
  3477 | D:5      | Identified the +3 leather armour of a sewer {rC+}
  3793 | D:5      | Reached skill level 5 in Unarmed Combat
  3793 | D:5      | Reached skill level 5 in Shapeshifting
  3818 | D:5      | Found a glowing silver altar of Zin.
  4193 | D:6      | Reached XP level 8. HP: 54/54 MP: 8/8
  4231 | D:6      | Found a broken altar of Ashenzari.
  4270 | D:6      | Found an ancient bone altar of Kikubaaqudgha.
  4475 | D:6      | HP: 2/54 [electric eel/bolt of electricity (11)]
  4476 | D:6      | Killed from afar by an electric eel

Illustrated notes

Levels and vault maps discovered:
D:1:      amcnicky_arrival_underground_garden, layout_loops_ring,
          hellmonk_ecumenical_altar_defaced_shrine, minmay_fountain_box,
          nicolae_twisty_statue_hallways
D:2:      layout_basic
D:3:      layout_loops_ring, old_standard_altar, ebering_ghost_disaster_area,
          kennysheep_generic_room_13, uniq_crazy_yiuf_cottage
D:4:      layout_basic, nicolae_hepliaklqana_hazy_memory,
          nicolae_uskayaw_dance_hall, ebering_ghost_rock_garden,
          dk_rats_in_the_wall
D:5:      layout_basic, zin_treasury, st_stairs_14, hex_tiny,
          hangedman_decor_growths
D:6:      layout_layer_cave, nicolae_ashenzari_panopticon,
          kiku_gazebo_pond_becter, lemuel_temple_firewalk_b,
          serial_bayou_ford_a, minmay_starry_boxes

Skill      XL: |  1  2  3  4  5  6  7  8 |
---------------+-------------------------+-----
Unarmed Combat | 3 4 5 |  5.8
Fighting       | 3 4 |  4.3
Shapeshifting  | 4 5 |  5.5
Dodging        | 3 4 |  4.2

Action                     |  1- 3 |  4- 6 |  7- 9 || total
---------------------------+-------+-------+-------++-------
  Melee: Unarmed           |    59 |   109 |    71 ||   239
         Constrict         |    18 |    42 |    16 ||    76
         Tentacles         |    13 |    30 |    23 ||    66
         Punch             |     1 |     6 |     3 ||    10
   Fire: Orcbow            |       |       |     5 ||     5
   Stab: Sleeping          |    13 |     3 |     1 ||    17
 Armour: Skin              |     3 |     9 |     5 ||    17
  Dodge: Dodged            |    24 |    67 |    36 ||   127
  Block: Buckler           |       |     9 |    34 ||    43

Table legend: (Time is in decaauts)
 A = Elapsed time spent in this place.
 B = Non-inter-level travel time spent in this place.
 C = Inter-level travel time spent in this place.
 D = Time resting spent in this place.
 E = Time spent auto-exploring this place.
 F = Levels seen in this place.
 G = Mean time per level.
                   A        B        C        D        E       F      G
               +--------+--------+--------+--------+--------+-----+--------+
         Total |   4466 |   4077 |    389 |    115 |   3166 |   6 |  744.3 |
       Dungeon |   4466 |   4077 |    389 |    115 |   3166 |   6 |  744.3 |
               +--------+--------+--------+--------+--------+-----+--------+

Top non-repeatable levels by time:
     D:3: 1046 daAuts
     D:5: 848 daAuts
     D:1: 811 daAuts
     D:4: 771 daAuts
     D:2: 679 daAuts
     D:6: 309 daAuts
